 Dungeon Crawl Stone Soup version 0.24-a0-582-g4d4af813a0 (webtiles) character file.

Game seed: 7778583233367815151

93 ElectroBlueGuy the Grave Robber (level 4, -2/33 HPs)
             Began as a Mummy Necromancer on Aug 26, 2019.
             Slain by an orc priest
             ... wielding a +0 hand axe
              (5 damage)
             ... on level 3 of the Dungeon.
             The game lasted 00:11:10 (1435 turns).

ElectroBlueGuy the Grave Robber (Mummy Necromancer) Turns: 1435, Time: 00:11:11

Health: -2/33      AC:  2    Str: 11    XL:     4   Next: 37%
Magic:  2/8        EV: 12    Int: 15    God:
Gold:   62         SH:  0    Dex: 12    Spells: 4/9 levels left

rFire    x . .     SeeInvis .   a - +2 dagger (elec)
rCold    + . .     Gourm    .   (no shield)
rNeg     + + +     Faith    .   d - +0 robe
rPois    ∞         Spirit   .   (no helmet)
rElec    .         Reflect  .   (no cloak)
rCorr    .         Harm     .   (no gloves)
MR       .....                  (no boots)
Stlth    ++........             (no amulet)
HPRegen  0.11/turn              (no ring)
MPRegen  0.11/turn              (no ring)

@: no status effects
A: no food or potions, fire vulnerability, cold resistance 1, negative energy
resistance 3, torment resistance, unbreathing
a: no special abilities


You were on level 3 of the Dungeon.
You were not hungry.

You visited 1 branch of the dungeon, and saw 3 of its levels.

You collected 62 gold pieces.

Inventory:

Hand Weapons
 a - a +2 dagger of electrocution (weapon)
 b - a +0 hunting sling
 m - a +0 trident
Missiles
 e - 14 stones (quivered)
 f - 17 bolts
 h - 10 sling bullets
 i - 10 poisoned darts
 k - 25 arrows
Armour
 d - a +0 robe (worn)
Scrolls
 g - a scroll of remove curse
 j - a scroll of enchant weapon
 l - a scroll of fear
 n - a scroll of identify
Potions
 c - a potion of mutation


   Skills:
 * Level 1.7 Fighting
 + Level 0.8 Short Blades
 + Level 0.7 Slings
 + Level 1.9 Dodging
 + Level 2.0 Stealth
 + Level 3.2 Spellcasting
 * Level 4.5 Necromancy


You had 4 spell levels left.
You knew the following spells:

 Your Spells              Type           Power        Failure   Level  Hunger
a - Pain                  Necr           ###.         3%          1    N/A
b - Animate Skeleton      Necr           N/A          3%          1    N/A
c - Vampiric Draining     Necr           ###.......   10%         3    N/A

Your spell library contained the following spells:

 Spells                   Type           Power        Failure   Level  Hunger
 Animate Dead             Necr           N/A          30%         4    N/A
 Regeneration             Chrm/Necr      Unusable     N/A         3    N/A

Dungeon Overview and Level Annotations

Branches:
Dungeon (2/15)

Altars:

Annotations:
D:3 1 runed translucent door, hemabe's ghost, amateur HuAr


Innate Abilities, Weirdness & Mutations

You do not eat or drink.
Your flesh is vulnerable to fire.
You are immune to poison.
Your flesh is cold resistant. (rC+)
You are immune to negative energy. (rN+++)
You are immune to unholy pain and torment.
You can survive without breathing.


Message History

Beogh smites you!
* * * LOW HITPOINT WARNING * * *
Casting: Pain (safe; 3% risk of failure)
Confirm with . or Enter, or press ? or * to list all spells.
You don't have enough magic to cast that spell.
Casting: Pain (safe; 3% risk of failure)
Confirm with . or Enter, or press ? or * to list all spells.
Aiming: Pain (safe; 3% risk of failure)
Press: ? - help, Shift-Dir - straight line, f - orc
Aim: an orc, wielding a +0 hand axe and wearing a +0 leather armour (chance to defeat MR: 85%)
The orc writhes in agony.
The orc barely misses you.
You barely miss the orc.
The orc is severely wounded.
You hit the orc but do no damage.
The orc is severely wounded.
The orc completely misses you.
You hit the orc. Lightning courses through the orc!!
You kill the orc!
The orc priest hits you with a +0 hand axe.
You die...

#. ## ##.# ... .....
...# ..... ..... #..#
...o ...... #..###...
...%..###..##).$.
...........##..#
.......@).o....#
...#...#o..##.####..#
#...#..).).......#
.........##...##..#
###...##..##.#.....
..............###..
##.#..#..##..##W##..
#..........##...##.
..##......##..!.)##


You could see an orc priest and an orc.

Vanquished Creatures
  2 orc wizards (D:3)
  A worm (D:2)
  An orc (D:3)
  3 giant cockroaches
  2 goblins (D:1)
  5 hobgoblins
  3 jackals (D:1)
  5 bats (D:1)
  2 frilled lizards (D:1)
  2 kobolds (D:1)
  5 rats
31 creatures vanquished.

Notes
Turn   | Place    | Note
-------+----------+-------------------------------------------
     0 | D:1      | ElectroBlueGuy the Mummy Necromancer began the quest for
                  | the Orb.
     0 | D:1      | Reached XP level 1. HP: 13/13 MP: 4/4
     4 | D:1      | Learned a level 1 spell: Animate Skeleton
   335 | D:1      | Reached XP level 2. HP: 11/20 MP: 5/5
  1227 | D:1      | Reached skill level 1 in Fighting
  1352 | D:2      | Reached XP level 3. HP: 21/26 MP: 5/7
  1401 | D:2      | You fall into a shaft and drop 1 floor!
  1401 | D:3      | Found a runed translucent door.
  1402 | D:3      | Noticed hemabe's ghost (amateur HuAr)
  1406 | D:3      | Learned a level 3 spell: Vampiric Draining
  1427 | D:3      | Reached XP level 4. HP: 14/33 MP: 2/8
  1435 | D:3      | Slain by an orc priest

Levels and vault maps discovered:
D:1:      dpeg_arrival_long_road, layout_basic
D:2:      layout_loops_ring, chequers_ecumenical_altar_simple_redux
D:3:      layout_loops_ring, first_ration, hellmonk_ghost_happy_afterlife,
          elyvilon_altar_1, uniq_grinder

Skill      XL: |  1  2  3 |
---------------+----------+-----
Fighting       | 1 |  1.7
Spellcasting   | 3 |  3.2
Stealth        | 2 |  2.0
Short Blades   | |  0.8
Slings         | |  0.7
Dodging        | |  1.9
Necromancy     | |  4.5

Action                   |  1- 3 |  4- 6 || total
-------------------------+-------+-------++-------
Melee: Dagger            |    61 |     3 ||    64
 Fire: Hunting sling     |    30 |       ||    30
 Cast: Pain              |     9 |     1 ||    10
       Animate Skeleton  |     6 |       ||     6
       Vampiric Draining |     1 |       ||     1
  Use: Scroll            |     4 |       ||     4
Armor: Robe              |    13 |       ||    13
Dodge: Dodged            |    73 |     2 ||    75

Table legend:
 A = Non-vault XP
 B = Vault XP
 C = Vault XP percentage of total XP
 D = Non-vault monster count
 E = Vault monster count
 F = Vault count percentage of total count
                 A         B        C        D         E       F
            +---------+---------+-------+---------+---------+-------
      Total |     134 |       0 |   0.0 |      31 |       0 |   0.0
            +---------+---------+-------+---------+---------+-------
        D:1 |      36 |       0 |   0.0 |      24 |       0 |   0.0
        D:2 |       6 |       0 |   0.0 |       2 |       0 |   0.0
        D:3 |      92 |       0 |   0.0 |       5 |       0 |   0.0
            +---------+---------+-------+---------+---------+-------
